 Dungeon Crawl Stone Soup version 0.30-a0-918-g0ff054e9dc (webtiles) character file.

Game seed: 2373855809358011492

8 Iich the Trooper (level 2, 24/24 HPs)
             Began as a Demonspawn Fighter on Mar 20, 2023.
             Got out of the dungeon alive.
             The game lasted 00:00:19 (204 turns).

Iich the Trooper (Demonspawn Fighter)                Turns: 204, Time: 00:00:20

Health: 24/24      AC:  6    Str: 16    XL:     2   Next: 0%
Magic:  2/2        EV:  8    Int:  9    God:
Gold:   26         SH:  4    Dex: 12    Spells: 1/1 levels left

rFire   . . .      SeeInvis .    a - +0 war axe
rCold   . . .      Faith    .    c - +0 buckler
rNeg    . . .      Spirit   .    b - +0 scale mail
rPois   .          Reflect  .    (no helmet)
rElec   .          Rampage  .    (no cloak)
rCorr   .                        (no gloves)
Will    .....                    (no boots) Stlth
                                 (no amulet)
HPRegen 0.24/turn                (no ring)
MPRegen 0.08/turn                (no ring)

@: no status effects
A: demonic magic 1
a: no special abilities


You escaped.
You visited 1 branch of the dungeon, and saw 1 of its levels.

You collected 26 gold pieces.

Inventory:

Hand Weapons
 a - a +0 war axe (weapon)
Armour
 b - a +0 scale mail (worn)
 c - a +0 buckler (worn)
Scrolls
 e - a scroll of identify {unknown}
Potions
 d - 3 potions of might


   Skills:
 + Level 3.2 Fighting
 * Level 2.2 Axes
 - Level 2.6 Armour
 - Level 2.6 Shields


You had one spell level left.
You didn't know any spells.
Your spell library was empty.

Dungeon Overview and Level Annotations

Branches:
Dungeon (1/15)

Altars:


Innate Abilities, Weirdness & Mutations

Spells you cast may paralyse adjacent enemies.


Message History

A hobgoblin is nearby!
The hobgoblin hits you but does no damage.
You barely miss the hobgoblin. The hobgoblin barely misses you.
You barely miss the hobgoblin.
A rat comes into view.
The hobgoblin barely misses you. The hobgoblin hits you.
The rat moves out of view.
You take 2 damage, and have 16/18 hp.
You slash the hobgoblin!
You kill the hobgoblin!
No target in view!
No target in view!
No target in view!
No target in view!
Found a stone staircase leading down.
Health restored: 18
Found a stone staircase leading down.
There is a stone staircase leading down here.
A bat comes into view.
The bat hits you but does no damage.
A bat is nearby!
The bat barely misses you. The bat hits you but does no damage.
You closely miss the bat. You block the bat's attack.
The bat closely misses you.
You barely miss the bat. You block the bat's attack. The bat barely misses you.
You barely miss the bat. The bat hits you but does no damage.
You slash the bat!
You kill the bat!
You have reached level 2!
Your demonic ancestry asserts itself...
A menacing aura infuses your magic.
Health restored: 24; MP restored: 2
(D) Dungeon
Where to? (? - help)
What level of the Dungeon? (default 1, ? - help)
There is a staircase leading out of the dungeon here.
Are you sure you want to leave the Dungeon?
This will make you lose the game! [Y]es or [N]o only, please.
Are you sure you want to leave the Dungeon?
This will make you lose the game!
You have escaped!

###.....#### #.#.
#.....### #...
.....#...# #..
...#####.## #.. ....#
#..# .. ## ##
#...##.####....# #.
#....>..# ...#
#.♣#♣♣######.##.#...#
#♣...@♣#.....#.†...###
#♣.♣..♣##.......##..##~
#.♣#♣♣##.......###.P♣♣~
##.####.......###.♣P~P~
###.##............♣~~~P
#...#.............♣~~P~
##.##.............♣~~≈~
#.##.............♣P~≈≈
#.########.......PP≈≈≈


There were no monsters in sight!

Vanquished Creatures
  A dart slug (D:1)
  A bat (D:1)
  An endoplasm (D:1)
  A goblin (D:1)
  A hobgoblin (D:1)
5 creatures vanquished.

Notes
Turn   | Place    | Note
-------+----------+-------------------------------------------
     0 | D:1      | Iich the Demonspawn Fighter began the quest for the Orb.
     0 | D:1      | Reached XP level 1. HP: 18/18 MP: 1/1
   174 | D:1      | Gained mutation: Spells you cast may paralyse adjacent
                  | enemies. [demonic ancestry]
   174 | D:1      | Reached XP level 2. HP: 24/24 MP: 2/2
   204 | D:$      | Got out of the dungeon alive.

Illustrated notes

Levels and vault maps discovered:
D:1:      pf_arrival_petrified_forest, layout_rooms, serial_bayou_ford_a

Skill      XL: |  1 |
---------------+----+-----
Axes           | 2 |  2.2
Fighting       | |  3.2
Armour         | |  2.6
Shields        | |  2.6

Action                     || total
---------------------------++-------
  Melee: War axe           ||    18
 Armour: Scale mail        ||    10
  Dodge: Dodged            ||     9
  Block: Buckler           ||     3

Table legend: (Time is in decaauts)
 A = Elapsed time spent in this place.
 B = Non-inter-level travel time spent in this place.
 C = Inter-level travel time spent in this place.
 D = Time resting spent in this place.
 E = Time spent auto-exploring this place.
 F = Levels seen in this place.
 G = Mean time per level.
                   A        B        C        D        E       F      G
               +--------+--------+--------+--------+--------+-----+--------+
         Total |    217 |    188 |     29 |      0 |    137 |   1 |  217.0 |
       Dungeon |    217 |    188 |     29 |      0 |    137 |   1 |  217.0 |
               +--------+--------+--------+--------+--------+-----+--------+

Top non-repeatable levels by time:
     D:1: 217 daAuts
